 Dungeon Crawl Stone Soup version 0.27-a0-951-gae3e1deef5 (webtiles) character file.

Game seed: 3962849727766591114

9 jasper the Sneak (level 2, 0/24 HPs)
             Began as a Demonspawn Delver on Apr 11, 2021.
             Was an Initiate of Makhleb.
             Slain by an orc
             ... wielding a +0 hand axe
              (4 damage)
             ... on level 4 of the Dungeon.
             The game lasted 00:01:09 (359 turns).

jasper the Sneak (Demonspawn Delver)                 Turns: 359, Time: 00:01:09

Health: 0/24       AC:  3    Str: 12    XL:     2   Next: 6%
Magic:  2/2        EV: 12    Int: 13    God:    Makhleb [......]
Gold:   24         SH:  0    Dex: 14    Spells: 1/1 levels left

rFire    . . .     SeeInvis .   a - +0 hand axe
rCold    . . .     Faith    .   (no shield)
rNeg     . . .     Spirit   .   b - +0 leather armour
rPois    .         Reflect  .   (no helmet)
rElec    .         Harm     .   (no cloak)
rCorr    .         Rampage  .   (no gloves)
Will     .....                  (no boots)
Stlth    ++........             (no amulet)
HPRegen  0.08/turn              (no ring)
MPRegen  0.08/turn              (no ring)

@: very slightly contaminated, invisible
A: big brain 1
a: Renounce Religion


You were on level 4 of the Dungeon.
You worshipped Makhleb.
Makhleb was noncommittal.
You visited 1 branch of the dungeon, and saw 3 of its levels.

You collected 24 gold pieces.

Inventory:

Hand Weapons
 a - a +0 hand axe (weapon)
Armour
 b - a +0 leather armour (worn)
Wands
 g - a wand of digging (3)
Scrolls
 c - a scroll of fog
 d - a scroll of magic mapping
 h - a scroll of enchant armour {unknown}
 j - 2 scrolls of identify {unknown}
Potions
 i - a potion of mutation {unknown}


   Skills:
 + Level 3.1 Fighting
 - Level 2.1 Axes
 + Level 0.4 Armour
 + Level 2.0 Dodging
 - Level 4.5 Stealth
 * Level 0.0 Unarmed Combat


You had one spell level left.
You didn't know any spells.
Your spell library was empty.

Dungeon Overview and Level Annotations

Branches:
Dungeon (6/15)
 Temple: D:4-7

Altars:
Makhleb
Xom
Yredelemnul
Zin
The Shining One

Annotations:
D:5 exclusions: black bear and 2 iguanas


Innate Abilities, Weirdness & Mutations

You have an unusually large brain. (Int +2)


Message History

There is a stone staircase leading down here.
The orc hits you with a +0 hand axe.
You take 5 damage, and have 19/24 hp.
MASSIVE DAMAGE!!
You hit the orc but do no damage. The orc hits you with a +0 hand axe.
You take 2 damage, and have 17/24 hp.
You hit the orc.
The orc is heavily wounded.
The orc hits you with a +0 hand axe.
You take 5 damage, and have 12/24 hp.
MASSIVE DAMAGE!!
Your leather armour prevents you from hitting the orc.
The orc is heavily wounded.
The orc hits you with a +0 hand axe!
* * * LOW HITPOINT WARNING * * *
You take 7 damage, and have 5/24 hp.
MASSIVE DAMAGE!!
You barely miss the orc.
The orc is heavily wounded.
The orc closely misses you.
There is a stone staircase leading down here.
Okay, then.
Okay, then.
It was a potion of invisibility.
You fade into invisibility!
The orc misses you.
You are very lightly contaminated with residual magic.
You barely miss the orc.
The orc is heavily wounded.
The orc barely misses you.
A ball python comes into view.
The orc hits you with a +0 hand axe.
* * * LOW HITPOINT WARNING * * *
You take 1 damage, and have 4/24 hp.
You catch the helpless orc completely off-guard!
You hit the orc but do no damage.
The orc is heavily wounded.
The orc closely misses you.
The ball python hisses angrily.
You hit the orc.
The orc is severely wounded.
The orc hits you with a +0 hand axe.
You die...

##### ####
##...##...##
###....o.....##
........@.......
................
.##............#
?............#.
..###....#.$S...
# #.####$..###
>. ...# ##. ##..


You could see an orc and a ball python (wandering).

Vanquished Creatures
  An adder (D:6)
1 creature vanquished.

Vanquished Creatures (others)
  A withered plant (D:4)
1 creature vanquished.

Grand Total: 2 creatures vanquished

Notes
Turn   | Place    | Note
-------+----------+-------------------------------------------
     0 | D:5      | jasper the Demonspawn Delver began the quest for the Orb.
     0 | D:5      | Reached XP level 1. HP: 18/18 MP: 1/1
     1 | D:6      | Found a shimmering altar of Xom.
     1 | D:6      | Noticed an angel
    38 | D:6      | Found a burning altar of Makhleb.
    43 | D:6      | Became a worshipper of Makhleb the Destroyer
    48 | D:6      | Found a basalt altar of Yredelemnul.
   115 | D:6      | Gained mutation: You have an unusually large brain. (Int
                  | +2) [demonic ancestry]
   115 | D:6      | Reached XP level 2. HP: 19/24 MP: 2/2
   186 | D:6      | Noticed a water moccasin
   295 | D:5      | Noticed a black bear
   359 | D:4      | Slain by an orc

Illustrated notes

Levels and vault maps discovered:
D:4:      layout_rooms, minmay_temple_entry_offerings, enter_ossuary_3,
          serial_undead, serial_undead_d, serial_undead_e, serial_undead_e,
          serial_undead_c, serial_undead_b, serial_undead_d, serial_undead_a,
          chequers_jeans
D:5:      layout_gridville, cheibrodos_sewer_entry_drain
D:6:      layout_basic, grunt_temple_overflow_order_and_chaos_1,
          grunt_temple_overflow_diamond, general_overflow_altar

Skill      XL: |  1 |
---------------+----+-----
Axes           | 2 |  2.1
Dodging        | 2 |  2.0
Fighting       | |  3.1
Armour         | |  0.4
Stealth        | |  4.5

Action                   || total
-------------------------++-------
Melee: Hand axe          ||    12
  Use: Potion            ||     2
       Scroll            ||     1
 Stab: Invisible         ||     1
Armor: Leather armour    ||     1
Dodge: Dodged            ||     6

Table legend: (Time is in decaauts)
 A = Elapsed time spent in this place.
 B = Non-inter-level travel time spent in this place.
 C = Inter-level travel time spent in this place.
 D = Time resting spent in this place.
 E = Time spent auto-exploring this place.
 F = Levels seen in this place.
 G = Mean time per level.
                   A        B        C        D        E       F      G
               +--------+--------+--------+--------+--------+-----+--------+
         Total |    342 |    326 |     16 |      0 |    211 |   3 |  114.0 |
       Dungeon |    342 |    326 |     16 |      0 |    211 |   3 |  114.0 |
               +--------+--------+--------+--------+--------+-----+--------+

Top non-repeatable levels by time:
     D:6: 191 daAuts
     D:5: 140 daAuts
     D:4: 10 daAuts
